 Dungeon Crawl Stone Soup version 0.31-a0-981-geadf994542 (webtiles) character file.

Game seed: 9763300488308284520

275423 BinkBink the Merfolkian Blade (level 20, -38/181 HPs)
             Began as a Merfolk Monk on Nov 1, 2023.
             Was the Champion of Qazlal.
             Blown up by a great orb of eyes (48 damage)
             ... with a mindburst bolt
             ... on level 2 of the Abyss.
             The game lasted 01:17:39 (33129 turns).

BinkBink the Merfolkian Blade (Merfolk Monk)       Turns: 33129, Time: 01:17:39

Health: -38/181    AC: 15    Str: 11    XL:     20   Next: 34%
Magic:  20/20      EV: 53    Int: 10    God:    Qazlal [******]
Gold:   1963       SH:  8    Dex: 25    Spells: 19/19 levels left

rFire   + + .        p - melded +9 great sword (elec)
rCold   + + .        (shield currently unavailable)
rNeg    + + +        Q - melded +4 ring mail of the Transparent God {Regen+ SInv Stlth-}
rPois   ∞            V - melded +3 crown of Dyrovepreva {rElec Int+2 SInv}
rElec   +            U - melded scarf {rC+ rF+}
rCorr   +            g - melded +0 pair of gloves
SInv    .            A - melded +0 pair of boots of Qazlal's Favour {Slay+5}
Will    +....        G - melded amulet of Tuegh {Acrobat Rampage rElec Int-4 SInv}
Stlth   +            N - melded +4 ring of slaying
HPRegen 0.00/turn    O - melded +6 ring of dexterity
MPRegen 0.17/turn

%: repel missiles
@: about to teleport, wisp-form, sick, flying, wreathed by umbra
A: insubstantial, flying, no casting, tiny, (nimble swimmer 2), (mertail),
(iridescent scales 1), (cold resistance 1), screaming 1, evolution 1
}: 2/15 runes: decaying, gossamer
a: Renounce Religion, Upheaval, Elemental Force, Disaster Area


You were on level 2 of the Abyss.
You worshipped Qazlal.
Qazlal was exalted by your worship.
You were an insubstantial wisp.
You visited 7 branches of the dungeon, and saw 34 of its levels.
You visited the Abyss 1 time.
You also visited: Sewer, Ossuary, Bailey and Ice Cave.

You collected 3121 gold pieces.
You spent 1158 gold pieces at shops.

Inventory:

Hand Weapons
 p - a +9 great sword of electrocution (melded)
 S - a +2 double sword of freezing
Missiles
 v - 11 throwing nets
Armour
 c - a +1 hat
 g - a +0 pair of gloves (melded)
 A - the +0 pair of boots of Qazlal's Favour (melded) {Slay+5}
   (You acquired it on level 9 of the Dungeon)

   Slay+5:    It affects your accuracy & damage with ranged weapons and melee
   (+5).
 E - the scarf "Regrop" {repulsion, Dex+2}
   (You acquired it on level 2 of the Swamp)

   Dex+2:     It affects your dexterity (+2).
 Q - the +4 ring mail of the Transparent God (melded) {Regen+ SInv Stlth-}
   (You acquired it on level 13 of the Dungeon)

   SInv:      It lets you see invisible.
   Regen+:    It increases your rate of health regeneration.
   Stlth-:    It makes you less stealthy.
 U - a scarf of resistance (melded)
 V - the +3 crown of Dyrovepreva (melded) {rElec Int+2 SInv}
   (You acquired it on level 2 of the Lair of Beasts)

   Int+2:     It affects your intelligence (+2).
   rElec:     It insulates you from electricity.
   SInv:      It lets you see invisible.
Jewellery
 t - a +6 ring of strength
 G - the amulet of Tuegh (melded) {Acrobat Rampage rElec Int-4 SInv}
   (You found it on level 7 of the Dungeon)

   [amulet of the acrobat]

   Acrobat:   It increases your evasion while moving and waiting.
   Int-4:     It affects your intelligence (-4).
   rElec:     It insulates you from electricity.
   SInv:      It lets you see invisible.
   Rampage:   It bestows one free step when moving towards enemies.
 N - a +4 ring of slaying (melded)
 O - a +6 ring of dexterity (melded)
Wands
 l - a wand of flame (113)
 m - a wand of polymorph (27)
 x - a wand of light (44)
 I - a wand of iceblast (54)
 M - a wand of paralysis (22)
Scrolls
 a - 2 scrolls of brand weapon
 d - 8 scrolls of enchant armour
 e - 12 scrolls of teleportation
 f - 7 scrolls of poison
 s - 4 scrolls of immolation
 u - 9 scrolls of fear
 y - 2 scrolls of silence
 z - 4 scrolls of fog
 L - a scroll of summoning
 R - 2 scrolls of revelation
 T - 8 scrolls of enchant weapon
 Y - 12 scrolls of identify
 Z - 2 scrolls of amnesia
Potions
 b - 5 potions of lignification
 h - 3 potions of brilliance
 i - a potion of heal wounds
 j - 5 potions of might
 k - 3 potions of resistance
 n - 10 potions of curing
 o - 5 potions of ambrosia
 q - 5 potions of magic
 r - 5 potions of mutation
 w - a potion of haste
 B - 4 potions of cancellation
 D - 2 potions of berserk rage
 J - 3 potions of invisibility
 K - a potion of enlightenment


   Skills:
 + Level 21.6 Fighting
 + Level 25.2 Long Blades
 - Level 10.0 Armour
 + Level 25.0 Dodging


You had 19 spell levels left.
You didn't know any spells.
Your spell library contained the following spells:

 Spells                   Type           Power      Damage    Failure   Level
 Apportation              Tloc           0%         N/A       36%         1
 Magic Dart               Conj           0%         1d3       36%         1
 Necrotise                Necr           0%         1d4       36%         1
 Shock                    Conj/Air       0%         1d3       36%         1
 Slow                     Hex            0%         N/A       36%         1
 Summon Small Mammal      Summ           0%         N/A       36%         1
 Blink                    Tloc           0%         N/A       50%         2
 Call Imp                 Summ           0%         N/A       50%         2
 Ensorcelled Hibernation  Hex/Ice        0%         N/A       50%         2
 Jinxbite                 Hex            0%         N/A       50%         2
 Lesser Beckoning         Tloc           0%         N/A       50%         2
 Momentum Strike          Conj/Tloc      0%         3d8       50%         2
 Call Canine Familiar     Summ           0%         N/A       75%         3
 Confusing Touch          Hex            0%         N/A       75%         3
 Dazzling Flash           Conj/Hex       0%         N/A       75%         3
 Hailstorm                Conj/Ice       0%         3d3       75%         3
 Mephitic Cloud           Conj/Pois/Air  0%         N/A       75%         3
 Sigil of Binding         Hex            0%         N/A       75%         3
 Summon Guardian Golem    Hex/Summ       0%         N/A       75%         3
 Swiftness                Air            0%         N/A       75%         3
 Tukima's Dance           Hex            0%         N/A       75%         3
 Vampiric Draining        Necr           0%         2d6       75%         3
 Airstrike                Air            0%         2d(0-16)  98%         4
 Anguish                  Hex/Necr       0%         N/A       98%         4
 Animate Dead             Necr           0%         N/A       98%         4
 Dimensional Bullseye     Hex/Tloc       0%         N/A       98%         4
 Flame Wave               Conj/Fire      0%         2d4       98%         4
 Iskenderun's Mystic Bla  Conj/Tloc      0%         2d3       98%         4
 Passage of Golubria      Tloc           0%         N/A       98%         4
 Summon Ice Beast         Ice/Summ       0%         N/A       98%         4
 Agony                    Necr           0%         N/A       100%        5
 Borgnjor's Vile Clutch   Necr/Erth      0%         N/A       100%        5
 Irradiate                Conj/Tmut      0%         3d11      100%        5
 Metabolic Englaciation   Hex/Ice        0%         N/A       100%        5
 Silence                  Hex/Air        0%         N/A       100%        5
 Summon Forest            Summ/Tloc      0%         N/A       100%        5
 Summon Mana Viper        Hex/Summ       0%         N/A       100%        5
 Yara's Violent Unravell  Hex/Tmut       0%         3d3       100%        5
 Death Channel            Necr           0%         N/A       100%        6
 Simulacrum               Ice/Necr       0%         N/A       100%        6
 Summon Cactus Giant      Summ           0%         N/A       100%        6
 Ozocubu's Refrigeration  Ice            0%         4d7       100%        7
 Lehudib's Crystal Spear  Conj/Erth      0%         10d2      100%        8
 Fire Storm               Conj/Fire      0%         5d1       100%        9


Dungeon Overview and Level Annotations

Branches:
Dungeon (15/15)            Temple (1/1) D:5            Lair (5/5) D:8
  Swamp (4/4) Lair:3       Spider (4/4) Lair:3        Slime (0/5) Lair:5
    Orc (2/2) D:11            Elf (3/3) Orc:2        Vaults (0/5) D:14
 Depths (0/4) D:15          Sewer (visited)         Ossuary (visited)
 Bailey (visited)           IceCv (visited)

Altars:
Ashenzari
Cheibriados
Dithmenos
Elyvilon
Fedhas
Gozag
Hepliaklqana
Kikubaaqudgha
Makhleb
Nemelex Xobeh
Okawaru
Qazlal
Ru
Sif Muna
Trog
Uskayaw
Vehumet
Wu Jian
Xom
Yredelemnul
Zin
The Shining One
Jiyva
Lugonu

Shops:
D:6 (   D:8 *=   Orc:1 [   Orc:2 ?(*(   Elf:2 (

Portals:
Trove: Elf:2 (give 7 scrolls of fog)

Annotations:
D:7 2 transporters, Gladio's ghost, novice NaSh


Innate Abilities, Weirdness & Mutations

You are an insubstantial wisp.
Your tiny insubstantial body is highly resistant to most damage types.
You are flying.
Your equipment is entirely melded.
You are incapable of wielding weapons or throwing items.
You cannot cast spells.
((You are very nimble when in or above water. (Stealth+, EV+, Speed+++)))
((Your lower body shifts to a powerful aquatic tail in water.))
((You are partially covered in iridescent scales. (AC +2)))
((Your flesh is cold resistant. (rC+)))
You occasionally shout uncontrollably at your foes.
You have hidden genetic potential.


Message History

Qazlal accepts your kill.
You hear a bellow!
You hear a chilling moan.
You block the great orb of eyes's attack.
The starcursed mass completely misses you.
You slice the great orb of eyes!!
The great orb of eyes is moderately wounded.
Something shouts, "Scamper away, thou feckless fob-snatching ratsbane!"
You slice the great orb of eyes like a ripe choko!!!
The great orb of eyes is almost dead.
The great orb of eyes gazes at you.
You turn into an insubstantial wisp.
Your +9 great sword of electrocution melds into your body.
Your scarf of resistance melds into your body.
The +3 crown of Dyrovepreva {rElec Int+2 SInv} melds into your body.
Your +0 pair of gloves melds into your body.
The +0 pair of boots of Qazlal's Favour {Slay+5} melds into your body.
The +4 ring mail of the Transparent God {Regen+ SInv Stlth-} melds into your body.
Your +4 ring of slaying melds into your body.
Your +6 ring of dexterity melds into your body.
The amulet of Tuegh {Acrobat Rampage rElec Int-4 SInv} melds into your body.
Your +9 great sword of electrocution stops crackling.
You feel hot and cold all over.
You feel clumsy.
The starcursed mass completely misses you.
The great orb of eyes attacks as it pursues you!
The great orb of eyes completely misses you.
A profane servitor comes into view. It is wielding a +2 whip.
You hear a chilling moan.
The starcursed mass attacks as it pursues you!
The starcursed mass completely misses you.
The starcursed mass is engulfed in blazing flames.
The starcursed mass shudders and withdraws towards its neighbour.
The great orb of eyes gazes at you. You resist with some effort.
The profane servitor is engulfed in blazing flames.
A chorus of shrieks assaults your mind.
* * * LOW HITPOINT WARNING * * *
The great orb of eyes gazes at you.
Your mind is blasted!
You die...

#.......#.###..##
#§....
.#.#.#...## §..
...#...#....# ..
...#..°#°..#
#...#....XX.A..#
# ..#.#.†.○.G..#
..#.†..☼§.°○#
#....###....§...#
.. ..#.....v○§# .
. ...#.....○...#
#. .##........# #
. #........# # ##
# #........#
#####.#### ## # †
. .


You could see a profane servitor, 2 starcursed masses and a great orb of eyes.

Vanquished Creatures
  Mara (Spider:4)
  Saint Roka (Elf:2)
  Norris (Elf:2)
  Arachne (Spider:4)
  2 tentacled monstrosities (Swamp:4)
  Rupert (D:13)
  A tentacled starspawn (Abyss:2)
  Kirke (Spider:3)
  3 thorn hunters (Swamp:4)
  Donald (Elf:1)
  6 fenstrider witches (Swamp:4)
  Aizul (Spider:1)
  A deep elf sorcerer (Elf:1)
  3 ghost moths (Spider:4)
  4 emperor scorpions
  2 ghouls (Swamp:3)
  A reaper (IceCv)
  2 broodmothers
  3 orc warlords
  4 very ugly things (Abyss:2)
  A stone giant (D:15)
  6 bunyips
  Nessos (Lair:5)
  2 deep elf demonologists (Elf:1)
  Azrael (Lair:3)
  2 dire elephants (Lair:5)
  5 eleionomae
  5 spark wasps
  A blizzard demon (Swamp:4)
  A green death (Swamp:4)
  An ettin (Orc:2)
  Josephine (D:12)
  2 deep elf death magi
  An entropy weaver (Spider:4)
  15 hydras
  A jorogumo (Spider:3)
  4 ogre magi
  A ghost crab (Swamp:1)
  A rakshasa (D:15)
  Erolcha (D:9)
  A catoblepas (D:14)
  3 radroaches
  A death knight (D:12)
  5 centaur warriors
  7 boulder beetles
  33 dancing weapons
  14 two-headed ogres
  6 alligators
  9 death yaks
  Urug (D:12)
  4 demonic crawlers
  2 thrashing horrors (Abyss:2)
  6 orc high priests (Orc:2)
  2 tengu warriors (D:15)
  An occultist (Swamp:4)
  3 wretched stars (Abyss:2)
  15 deep elf knights
  A sun moth (Spider:1)
  7 skeletal warriors
  3 skysharks
  3 sixfirhies
  A spectral anaconda (Lair:5)
  The ghost of njkz123 the Eclecticist, a novice DECj of Sif Muna (D:9)
  5 goliath frogs
  5 pharaoh ants
  4 orb spiders
  2 swamp dragons (Swamp:4)
  5 arcanists
  6 bog bodies
  4 deep elf archers (Elf:1)
  A lindwurm (Lair:5)
  8 spriggan druids
  24 deep elf pyromancers
  2 steelbarb worms
  An obsidian statue (Lair:5)
  4 necromancers (Lair:5)
  6 orc knights
  19 deep elf zephyrmancers
  8 orc sorcerers
  2 manticores
  9 ugly things
  25 wolf spiders
  5 will-o-the-wisps
  3 cyclopes
  19 elephants
  A moth of wrath (Spider:3)
  Joseph (D:7)
  An orange demon (Swamp:4)
  3 black mambas
  A torpor snail (Spider:1)
  An ice statue (IceCv)
  2 gargoyles
  A smoke demon (Abyss:2)
  10 cane toads
  3 freezing wraiths
  11 komodo dragons
  2 rime drakes (Lair:3)
  3 kobold demonologists
  3 ancient zymes (Abyss:2)
  An efreet (D:15)
  A tormentor (Abyss:2)
  6 trolls
  4 polar bears
  6 meliai
  A hellwing (Swamp:4)
  3 tyrant leeches
  A hornet (D:6)
  5 dream sheep (Lair:4)
  3 raiju (Abyss:2)
  25 tarantellas
  16 blink frogs
  Sigmund (D:6)
  31 jumping spiders
  15 culicivoras
  10 centaur simulacra
  A shadow (D:12)
  A spriggan (Swamp:1)
  An air elemental (Elf:1)
  8 wraiths
  2 ynoxinuls (Abyss:2)
  4 wyverns
  2 vampires
  2 wyverns (shapeshifter)
  2 dire elephant simulacra (Lair:5)
  5 fire elementals
  4 hogs
  3 water elementals
  16 starcursed masses (Abyss:2)
  46 redbacks
  A steam dragon (D:6)
  54 yaks
  2 basilisks
  A chaos spawn (Swamp:4)
  A death yak simulacrum (Lair:5)
  14 vampire mosquitoes
  A spectral cane toad (Lair:5)
  3 neqoxecs
  3 harpy simulacra (IceCv)
  12 wargs
  16 swamp worms
  10 water moccasins
  An acid dragon (D:10)
  3 hell hounds (Spider:1)
  2 hydra simulacra (IceCv)
  2 sky beasts
  5 swamp drakes
  6 meliai simulacra
  3 ice beasts
  2 black bears
  56 orc warriors
  A black bear (shapeshifter) (D:15)
  22 ogres
  2 large abominations (Abyss:2)
  12 wolves
  2 boggarts (Elf:1)
  2 phantoms
  10 centaurs
  4 kobold brigands
  17 bullfrogs
  2 necrophages (Swamp:3)
  3 gnoll sergeants (D:8)
  4 cane toad simulacra
  A scorpion (D:6)
  6 two-headed ogre simulacra (IceCv)
  14 wights
  6 elephant simulacra
  13 killer bees (D:10)
  11 electric eels
  2 centaur zombies (Ossuary)
  9 howler monkeys
  2 small abominations (Abyss:2)
  7 hounds
  4 jellies
  25 orc priests
  4 gnoll boudas
  7 iguanas
  25 orc wizards
  4 spriggan simulacra (IceCv)
  9 hell rats
  9 troll simulacra (IceCv)
  3 polar bear simulacra (IceCv)
  A wolf simulacrum (IceCv)
  7 mummies
  Robin (D:2)
  37 gnolls
  10 adders
  3 naga simulacra (IceCv)
  2 river rats (D:8)
  12 white imps
  12 ufetubi
  3 dart slugs
  148 orcs
  13 ball pythons
  10 endoplasms
  16 giant cockroaches
  21 goblins
  17 hobgoblins
  3 jackals
  27 kobolds
  17 quokkas
  2 training dummies (D:7)
  6 bats
  13 frilled lizards
  3 hobgoblin zombies (Ossuary)
  4 rats
  A butterfly (Lair:4)
1487 creatures vanquished.

Vanquished Creatures (collateral kills)
  An emperor scorpion (Spider:4)
  A steelbarb worm (Spider:4)
  A tarantella (Spider:4)
  A jumping spider (Spider:4)
4 creatures vanquished.

Vanquished Creatures (others)
  A hornet (Swamp:1)
  A spriggan (Swamp:1)
  A human (Spider:3)
  A goblin (D:2)
  8 foxfires (Swamp:3)
  2 starspawn tentacles (Abyss:2)
14 creatures vanquished.

Grand Total: 1505 creatures vanquished

Notes
Turn   | Place    | Note
-------+----------+-------------------------------------------
     0 | D:1      | BinkBink the Merfolk Monk began the quest for the Orb.
     0 | D:1      | Reached XP level 1. HP: 18/18 MP: 1/1
    48 | D:1      | Reached XP level 2. HP: 20/24 MP: 2/2
   143 | D:1      | Reached XP level 3. HP: 30/30 MP: 3/3
   373 | D:1      | You fall into a shaft and drop 1 floor!
   557 | D:1      | Found a faded altar of an unknown god.
   675 | D:2      | Noticed Robin
   751 | D:1      | Reached XP level 4. HP: 22/26 MP: 4/4
   884 | D:2      | Killed Robin
   885 | D:2      | Reached skill level 5 in Dodging
  1139 | D:2      | Found a blossoming altar of Fedhas.
  1307 | D:3      | Found a stormy altar of Qazlal.
  1308 | D:3      | Noticed a water elemental
  1311 | D:3      | Noticed a fire elemental
  1311 | D:3      | Noticed an air elemental
  1311 | D:3      | Noticed an earth elemental
  1348 | D:3      | Became a worshipper of Qazlal Stormbringer
  1348 | D:3      | Reached * piety under Qazlal
  1348 | D:3      | Reached ** piety under Qazlal
  1454 | D:3      | Found a hide-covered altar of Uskayaw.
  1821 | D:4      | Noticed a phantom
  1842 | D:4      | Killed a phantom
  1843 | D:4      | Reached skill level 5 in Long Blades
  1843 | D:4      | Reached XP level 5. HP: 33/42 MP: 5/5
  1892 | D:4      | Found a blossoming altar of Fedhas.
  1894 | D:4      | Noticed an ogre
  1903 | D:4      | Killed an ogre
  1904 | D:4      | Reached skill level 5 in Fighting
  1904 | D:4      | Reached XP level 6. HP: 31/51 MP: 6/6
  1963 | D:4      | Found a glowing drain.
  1973 | Sewer    | Entered a sewer
  2107 | Sewer    | Reached *** piety under Qazlal
  2224 | Sewer    | Reached XP level 7. HP: 57/57 MP: 7/7
  2627 | D:5      | Entered Level 5 of the Dungeon
  2633 | D:5      | Found a staircase to the Ecumenical Temple.
  2734 | D:5      | Noticed a yak
  2734 | D:5      | Noticed a yak
  2734 | D:5      | Noticed a yak
  2847 | D:5      | Reached **** piety under Qazlal
  2985 | Temple   | Entered the Ecumenical Temple
  3017 | D:5      | Reached XP level 8. HP: 61/65 MP: 8/8
  3099 | D:5      | Noticed a yak
  3122 | D:5      | Killed a yak
  3133 | D:5      | Killed a yak
  3140 | D:5      | Killed a yak
  3149 | D:5      | Killed a yak
  3508 | D:6      | Identified the "Oboagh"
  3516 | D:6      | Noticed Sigmund
  3517 | D:6      | Found Huguuc's Weapon Shoppe.
  3524 | D:6      | Reached XP level 9. HP: 62/74 MP: 9/9
  3534 | D:6      | Killed Sigmund
  3670 | D:6      | Found a sand-covered staircase.
  3676 | Ossuary  | Entered an ossuary
  4032 | D:6      | Reached skill level 10 in Dodging
  4115 | D:6      | Found a snail-covered altar of Cheibriados.
  4243 | D:6      | Found a glowing silver altar of Zin.
  4243 | D:6      | Found a broken altar of Ashenzari.
  4244 | D:6      | Found an ancient bone altar of Kikubaaqudgha.
  4246 | D:6      | Found an opulent altar of Gozag.
  4247 | D:6      | Found a glowing golden altar of the Shining One.
  4446 | D:6      | Found a burning altar of Makhleb.
  4490 | D:7      | Noticed a hornet
  4494 | D:7      | Reached ***** piety under Qazlal
  4502 | D:6      | Paralysed by a hornet for 2 turns
  4509 | D:6      | Killed a hornet
  4533 | D:7      | Found a transporter.
  4533 | D:7      | Noticed Gladio's ghost (novice NaSh)
  4535 | D:7      | Noticed a troll
  4536 | D:7      | Noticed a moth of wrath
  4537 | D:7      | Found a bloodstained altar of Trog.
  4576 | D:7      | Reached skill level 10 in Long Blades
  4627 | D:7      | Found a flagged portal.
  4641 | Bailey   | Entered a bailey
  4766 | Bailey   | Reached XP level 10. HP: 77/83 MP: 10/10
  4880 | Bailey   | Noticed an orc knight
  5297 | Bailey   | Killed an orc knight
  5561 | Bailey   | Noticed a kobold demonologist
  5595 | Bailey   | Noticed a sun demon
  5598 | Bailey   | Noticed a rust devil
  5855 | Bailey   | Reached skill level 10 in Fighting
  6176 | Bailey   | Killed a kobold demonologist
  6247 | Bailey   | Noticed an orc sorcerer
  6249 | Bailey   | Noticed an orange demon
  6459 | Bailey   | Noticed a soul eater
  6537 | Bailey   | Paralysed by an orc sorcerer for 5 turns
  6544 | Bailey   | Killed an orc sorcerer
  6673 | Bailey   | Found an iron altar of Okawaru.
  6809 | D:7      | Found a transporter.
  7225 | D:7      | Noticed Joseph
  7241 | D:7      | Killed Joseph
  7308 | D:7      | Identified the +1 ring mail of Rerraofa {Rampage rPois}
  7407 | D:7      | Identified the amulet of Tuegh {Acrobat Rampage rElec Int-4
                  | SInv}
  7644 | D:8      | Reached XP level 11. HP: 78/93 MP: 11/11
  7722 | D:8      | Noticed a death yak
  7722 | D:8      | Noticed a death yak
  7770 | D:8      | Noticed a death yak
  7936 | D:8      | Killed a death yak
  7942 | D:8      | Killed a death yak
  7952 | D:8      | Killed a death yak
  8084 | D:8      | Noticed a two-headed ogre
  8091 | D:8      | Killed a two-headed ogre
  8131 | D:8      | Reached ****** piety under Qazlal
  8302 | D:8      | Found a staircase to the Lair.
  8776 | D:8      | Found Ruc Tocu's Jewellery Emporium.
  8807 | D:8      | Found Soag Nulu's Assorted Antiques.
  8811 | D:8      | Bought a green potion for 25 gold pieces
  8811 | D:8      | Bought a lumpy amethyst potion for 25 gold pieces
  8811 | D:8      | Bought a scroll of identify for 56 gold pieces
  8811 | D:8      | Bought a twisted diamond amulet for 140 gold pieces
  8811 | D:8      | Bought a scroll of identify for 56 gold pieces
  9290 | D:9      | Found a basalt altar of Yredelemnul.
  9311 | D:9      | Noticed Erolcha
  9322 | D:9      | Killed Erolcha
  9607 | D:9      | Found a transporter.
  9610 | D:9      | Noticed njkz123's ghost (novice DECj)
  9611 | D:9      | Found a transporter.
  9612 | D:9      | Noticed a two-headed ogre
  9612 | D:9      | Noticed a two-headed ogre
  9613 | D:9      | Noticed a two-headed ogre
  9616 | D:9      | Noticed a two-headed ogre
  9720 | D:9      | Found a shimmering blue altar of Sif Muna.
  9834 | D:9      | Found a hazy altar of Hepliaklqana.
 10006 | D:10     | Entered Level 10 of the Dungeon
 10048 | D:10     | Reached XP level 12. HP: 38/103 MP: 12/12
 10610 | D:9      | Acquired the +0 pair of boots of Qazlal's Favour {Slay+5}
 10623 | D:9      | Acquired a +4 great sword of electrocution
 10679 | D:10     | Found a white marble altar of Elyvilon.
 10772 | D:10     | Found a shimmering altar of Xom.
 10877 | D:10     | Noticed a two-headed ogre
 10882 | D:10     | Killed a two-headed ogre
 10888 | D:10     | Reached skill level 15 in Dodging
 10992 | D:10     | Found a sparkling altar of Nemelex Xobeh.
 11373 | D:11     | Noticed a centaur warrior
 11383 | D:11     | Killed a centaur warrior
 11432 | D:11     | Noticed a two-headed ogre
 11436 | D:11     | Killed a two-headed ogre
 11611 | D:11     | Noticed a two-headed ogre
 11618 | D:11     | Killed a two-headed ogre
 11872 | D:11     | Found a staircase to the Orcish Mines.
 12262 | D:12     | Identified the of Saocih
 12284 | D:12     | Noticed Urug
 12284 | D:12     | Noticed a two-headed ogre
 12290 | D:12     | Noticed a boulder beetle
 12291 | D:12     | Killed Urug
 12293 | D:12     | Killed a two-headed ogre
 12294 | D:12     | Reached XP level 13. HP: 102/113 MP: 13/13
 12298 | D:12     | Reached skill level 15 in Long Blades
 12355 | D:12     | Identified the +1 trident of Crusades {venom, rN+ Int+7
                  | Stlth+}
 12527 | D:12     | Identified the +6 spear of the Threshing Scorpion {protect,
                  | Contam rF+ Will+ Int+3}
 12527 | D:12     | Noticed Josephine
 12533 | D:12     | Killed Josephine
 12852 | D:13     | Noticed Rupert
 12865 | D:13     | Killed Rupert
 12961 | D:13     | Reached skill level 15 in Fighting
 13011 | D:13     | Found an ancient bone altar of Kikubaaqudgha.
 13424 | D:13     | Acquired the +4 ring mail of the Transparent God {Regen+
                  | SInv Stlth-}
 13520 | D:14     | Reached skill level 1 in Armour
 13759 | D:14     | Reached XP level 14. HP: 114/123 MP: 14/14
 13782 | D:14     | Found a gate to the Vaults.
 14552 | Orc:1    | Entered Level 1 of the Orcish Mines
 14576 | Orc:1    | Noticed an orc warlord
 14608 | Orc:1    | Killed an orc warlord
 14671 | Orc:1    | Found Exoqyn's Armour Boutique.
 15014 | Orc:2    | Entered Level 2 of the Orcish Mines
 15104 | Orc:2    | Noticed an orc warlord
 15134 | Orc:2    | Killed an orc warlord
 15162 | Orc:2    | Found Mieruyrrigg's Weapon Shop.
 15625 | Orc:2    | Found Rozum's General Store.
 15631 | Orc:2    | Bought a scroll of identify for 32 gold pieces
 15637 | Orc:2    | Found Vaahuras's Antique Weapon Boutique.
 15637 | Orc:2    | Noticed an orc warlord
 15641 | Orc:2    | Killed an orc warlord
 16208 | Orc:2    | Found a staircase to the Elven Halls.
 16257 | Orc:2    | Reached XP level 15. HP: 108/132 MP: 15/15
 16406 | Orc:2    | Found Gill's Magic Scroll Emporium.
 16419 | Orc:2    | Bought a scroll of silence for 161 gold pieces
 16419 | Orc:2    | Bought a scroll of vulnerability for 68 gold pieces
 16419 | Orc:2    | Bought a scroll of blinking for 127 gold pieces
 16716 | Lair:1   | Entered Level 1 of the Lair of Beasts
 17127 | Lair:1   | Found a radiant altar of Vehumet.
 17130 | Lair:1   | Reached skill level 5 in Armour
 17690 | Lair:2   | Found a frozen archway.
 17699 | IceCv    | Entered an ice cave
 18545 | Lair:2   | Acquired the +3 crown of Dyrovepreva {rElec Int+2 SInv}
 18545 | Lair:2   | Found the +3 crown of Dyrovepreva {rElec Int+2 SInv}
 18712 | Lair:3   | Found a hole to the Spider Nest.
 18926 | Lair:3   | Found a staircase to the Swamp.
 19327 | Lair:3   | Acquired a manual of Long Blades
 19539 | Lair:4   | Identified the ring of the Mackerel {Fire Will+ Stlth+}
 20099 | Lair:5   | Entered Level 5 of the Lair of Beasts
 20105 | Lair:5   | Noticed Nessos
 20284 | Lair:5   | Killed Nessos
 20324 | Lair:5   | Reached XP level 16. HP: 141/141 MP: 16/16
 20644 | Lair:5   | Identified the +0 ring mail of the Zebrataur {Str+2}
 21136 | Lair:5   | Found a viscous altar of Jiyva.
 21136 | Lair:5   | Found a staircase to the Slime Pits.
 21336 | Swamp:1  | Entered Level 1 of the Swamp
 21966 | Swamp:2  | Identified the +4 rapier of Wyrd {heavy, rPois Dex+4}
 22377 | Swamp:2  | Acquired the scarf "Regrop" {repulsion, Dex+2}
 23021 | Swamp:4  | Entered Level 4 of the Swamp
 23034 | Swamp:4  | Reached XP level 17. HP: 101/150 MP: 17/17
 23597 | Swamp:4  | Paralysed by a fenstrider witch for 2 turns
 23836 | Swamp:4  | Noticed a tentacled monstrosity
 23848 | Swamp:4  | Killed a tentacled monstrosity
 23896 | Swamp:4  | Noticed a tentacled monstrosity
 23906 | Swamp:4  | Killed a tentacled monstrosity
 23917 | Swamp:4  | Paralysed by an ogre mage for 5 turns
 24081 | Swamp:4  | Got a decaying rune of Zot
 24353 | Spider:1 | Entered Level 1 of the Spider Nest
 24372 | Spider:1 | Noticed Azrael
 24544 | Lair:3   | Killed Azrael
 24795 | Spider:1 | Identified the +1 scale mail of the Equator {rElec rN+ MP+9
                  | Int-3}
 25186 | Spider:1 | Identified the serpent talisman of Tulips {rPois Dex+3
                  | Stlth-}
 25186 | Spider:1 | Noticed Aizul
 25190 | Spider:1 | Killed Aizul
 25440 | Spider:2 | Reached XP level 18. HP: 156/160 MP: 18/18
 26065 | Spider:3 | Noticed Kirke
 26649 | Spider:3 | Killed Kirke
 27002 | Spider:4 | Entered Level 4 of the Spider Nest
 27259 | Spider:4 | Noticed Mara
 27285 | Spider:4 | Noticed BinkBink's illusion
 27286 | Spider:4 | Killed Mara
 27514 | Spider:4 | Noticed Arachne
 27526 | Spider:4 | Killed Arachne
 27690 | Spider:4 | Reached skill level 10 in Armour
 28153 | Spider:4 | Identified the +7 falchion of the Mind {heavy, rF+ Str+3
                  | Int+3}
 28846 | Spider:4 | Got a gossamer rune of Zot
 29247 | D:8      | Bought a +6 ring of dexterity for 468 gold pieces
 29256 | D:8      | Gained mutation: You are occasionally teleported next to
                  | monsters. [potion of mutation]
 29256 | D:8      | Gained mutation: You are strong-willed. (Will+) [potion of
                  | mutation]
 29257 | D:8      | Lost mutation: You are strong-willed. (Will+) [potion of
                  | mutation]
 29257 | D:8      | Lost mutation: You are occasionally teleported next to
                  | monsters. [potion of mutation]
 29257 | D:8      | Gained mutation: You are partially covered in iridescent
                  | scales. (AC +2) [potion of mutation]
 29257 | D:8      | Gained mutation: You have hidden genetic potential. [potion
                  | of mutation]
 29286 | D:9      | Killed njkz123's ghost
 29295 | D:9      | Identified the +1 scale mail of the Harvest {rPois Dex+3}
 29496 | D:15     | Entered Level 15 of the Dungeon
 29509 | D:15     | Reached XP level 19. HP: 150/169 MP: 19/19
 30040 | D:15     | Found a staircase to the Depths.
 30362 | Vaults:5 | Identified the "Quapri"
 30362 | Depths:1 | Identified the "Ukedanach"
 30362 | Depths:2 | Identified the "Enualab"
 30362 | Depths:2 | Identified the "Yfenaopn"
 30362 | Elf:1    | Entered Level 1 of the Elven Halls
 30621 | Elf:1    | Noticed Donald
 30628 | Elf:1    | Killed Donald
 30703 | Elf:1    | Identified the +2 pair of boots of the Northern Lights {rC+
                  | rN+ Will+ Int-5}
 31407 | Elf:2    | Found Akefamm's Antique Weapon Shop.
 31538 | Elf:2    | Found a portal to a secret trove of treasure.
 31552 | Elf:2    | Noticed Norris
 31562 | Elf:2    | Killed Norris
 31629 | Elf:2    | Gained mutation: Your flesh is cold resistant. (rC+)
                  | [hidden potential]
 31790 | Elf:2    | Found a runed translucent gate.
 31791 | Elf:2    | Found a runed translucent gate.
 31791 | Elf:2    | Found a runed translucent gate.
 31884 | Elf:2    | Found an ancient bone altar of Kikubaaqudgha.
 31959 | Elf:2    | Noticed Saint Roka
 31989 | Elf:2    | HP: 7/172 [Saint Roka/divine providence (13)]
 32345 | Elf:2    | Reached XP level 20. HP: 139/180 MP: 20/20
 32443 | Elf:2    | Killed Saint Roka
 32810 | Elf:3    | Identified the "Irgharu"
 32810 | Elf:3    | Entered Level 3 of the Elven Halls
 32816 | Abyss:2  | Cast into level 2 of the Abyss (a deep elf demonologist)
 32976 | Abyss:2  | Gained mutation: You occasionally shout uncontrollably at
                  | your foes. [a neqoxec]
 33022 | Abyss:2  | Paralysed by accursed screaming for 1 turns
 33125 | Abyss:2  | Noticed a profane servitor
 33129 | Abyss:2  | Blown up by a great orb of eyes

Illustrated notes

Levels and vault maps discovered:
D:1:      sevenhm_arrival_forest_fort_small_6, layout_rooms,
          shapermc_ecumenical_altar_mp_vishouse, serial_bayou_pond_c,
          minivault_25
D:2:      layout_rooms, basic_altar, uniq_robin
D:3:      layout_rooms, nicolae_uskayaw_dance_hall,
          nicolae_qazlal_style_of_elements, corexii_shack
D:4:      layout_basic, fedhas_altar_2,
          mainiacjoe_sewer_entry_somewhere_in_here_1, roderic_st_hans_cross
D:5:      layout_rooms, minmay_temple_entry_mini_moons, serial_glass,
          glass_columns_c, glass_columns_a, glass_columns_a, glass_columns_a
D:6:      layout_basic, mainiacjoe_overflow_boulevard,
          mainiacjoe_overflow_alcove_2, grunt_temple_overflow_open,
          gup_ossuary_entry_pyramid, serial_shops, shop, uniq_sigmund
D:7:      dreamdust_elfheim, layout_gridville,
          gammafunk_ghost_wrathful_warriors, enter_bailey_4, uniq_joseph
D:8:      layout_cave_pools, dpeg_lair_monsters, serial_gnoll_camp,
          gnoll_camp_medium_01, gnoll_camp_mini_shop, gnoll_camp_mini_shop,
          gnoll_camp_huts_basic, gnoll_camp_mini_doghouse, minmay_quadrilaterals
D:9:      layout_stronghold, lemuel_tele_altar,
          nicolae_hepliaklqana_hazy_memory, lemuel_blue_sif_altar,
          gammafunk_ghost_smash, uniq_erolcha
D:10:     layout_irregular_city, nemelex_xobeh_ov_fountains_minmay,
          elyvilon_altar_5, nicolae_overflow_crystal_walls, serial_ice,
          serial_ice_f, serial_ice_m, serial_ice_j, serial_ice_e, serial_ice_b,
          serial_ice_n, serial_ice_c, serial_ice_a
D:11:     layout_cave_pools, erik_orc_3, serial_ice, serial_ice_b, serial_ice_h,
          serial_ice_g, serial_ice_k
D:12:     layout_basic, uniq_urug, uniq_josephine
D:13:     layout_loops_ring, serial_ice, serial_ice_h, serial_ice_b,
          serial_ice_o, serial_ice_m, serial_ice_g, kiku_gazebo_pond_becter,
          uniq_rupert
D:14:     layout_stronghold, david_vaults_1, palyth_stone_intersect
D:15:     grunt_enter_depths_snipers, layout_basic, hex_tiny
Temple:   corrupted_temple
Lair:1:   layout_roguey, basic_altar
Lair:2:   layout_misc_corridors, portal_ice_cave_entry_pillars_1
Lair:3:   layout_regular_city, swamp_mist, dummy_spider_entry,
          nicolae_quartered_pool_impasse, grunt_megastairs_5
Lair:4:   layout_regular_city, lemuel_fruit_fields
Lair:5:   due_jungle_book, layout_long_grid, dpeg_slime_entry_enclosed,
          lemuel_fruit_tree, uniq_nessos
Swamp:1:  layout_falls_marsh, evilmike_swamp_ruin_house_5, swamp_pool_5
Swamp:2:  layout_basic_swamp, evilmike_swamp_ruin_wall, swamp_pool_1_2
Swamp:3:  layout_basic_swamp, evilmike_swamp_ruin_house_6, swamp_pool_3,
          nzn_swamp_dancing_lights
Swamp:4:  nzn_swamp_witches_coven, layout_basic_swamp,
          nicolae_swamp_tree_designs, infiniplex_staircase_pool_2
Spider:1: layout_spider_delve, uniq_aizul, uniq_azrael
Spider:2: layout_spider_delve, spiders_nest_spider_trap
Spider:3: layout_spider_delve, uniq_kirke
Spider:4: grunt_spider_rune_parallel, uniq_arachne, uniq_mara
Orc:1:    layout_caves, basic_altar, serial_shops, shop
Orc:2:    pubby_orc_utopia
Elf:1:    eino_elf_arrival_shootout, layout_loops_cross,
          hangedman_elf_disciples, lemuel_upstairs_altar, uniq_donald
Elf:2:    nicolae_elf_blades_crystal_corner, layout_onion_city, serial_shops,
          shop, nicolae_trove_entry_isolated, david_defended_altar_elf,
          uniq_norris, uniq_saint_roka
Elf:3:    minmay_elf_hall_x, layout_gridlike, basic_altar, serial_shops,
          shop_fountains, chequers_hall_statues_wall_a,
          nicolae_elf_crossing_hall, grunt_megastairs_4, minmay_shop_star
Abyss:2:  base: Vaults:3, hangedman_abyss_feature_spike,
          evilmike_abyss_exit_plants, kilobyte_mutagenic_chamber

Skill      XL: |  1  2  3  4  5  6  7  8  9 10 11 12 13 14 15 16 17 18 19 20 |
---------------+-------------------------------------------------------------+-----
Long Blades    | 4 5 6 7 8 10 11 13 14 16 17 18 20 22 23 24 25 | 25.2
Fighting       | 4 5 6 7 9 11 12 14 15 16 17 18 19 20 21 | 21.6
Dodging        | 5 6 7 9 11 12 14 16 17 19 20 21 22 23 24 25 | 25.0
Armour         | 1 4 6 7 9 10 | 10.0

Action                     |  1- 3 |  4- 6 |  7- 9 | 10-12 | 13-15 | 16-18 | 19-21 || total
---------------------------+-------+-------+-------+-------+-------+-------+-------++-------
  Melee: Falchion          |    81 |     2 |       |       |       |       |       ||    83
         Dagger            |       |   179 |   395 |   651 |       |       |       ||  1225
         Tailslap          |       |     5 |       |    16 |       |    51 |     3 ||    75
         Great sword       |       |       |       |   131 |   881 |   979 |   449 ||  2440
    Use: Potion            |     1 |       |       |     3 |     1 |    11 |     3 ||    19
         Scroll            |       |    13 |     5 |    14 |    11 |     9 |     2 ||    54
   Stab: Distracted        |       |       |       |     1 |       |     1 |     1 ||     3
         Confused          |       |       |       |       |       |     1 |       ||     1
 Armour: Robe              |    49 |    47 |   111 |   158 |       |       |       ||   365
         Troll leather arm |       |       |       |    11 |    48 |       |       ||    59
         Ring mail         |       |       |       |       |   212 |   423 |   102 ||   737
  Dodge: Dodged            |   103 |    98 |   218 |   523 |   703 |  1079 |   284 ||  3008
         Repelled          |       |       |     3 |     3 |     2 |     9 |     7 ||    24
  Block: Orb               |       |    21 |    86 |   181 |       |       |       ||   288
         Other             |       |       |       |    39 |   299 |   379 |   101 ||   818

Table legend: (Time is in decaauts)
 A = Elapsed time spent in this place.
 B = Non-inter-level travel time spent in this place.
 C = Inter-level travel time spent in this place.
 D = Time resting spent in this place.
 E = Time spent auto-exploring this place.
 F = Levels seen in this place.
 G = Mean time per level.
                   A        B        C        D        E       F      G
               +--------+--------+--------+--------+--------+-----+--------+
         Total |  31721 |  29527 |   2194 |   4983 |  17214 |  39 |  813.4 |
       Dungeon |  12512 |  11400 |   1112 |    827 |   7835 |  15 |  834.1 |
        Temple |     19 |     19 |      0 |      0 |      0 |   1 |   19.0 |
          Lair |   4191 |   3903 |    288 |    264 |   2862 |   5 |  838.2 |
         Swamp |   2577 |   2477 |    100 |    468 |   1500 |   4 |  644.2 |
   Spider Nest |   4452 |   4133 |    319 |   1397 |   1603 |   4 | 1113.0 |
  Orcish Mines |   2085 |   1809 |    276 |     54 |   1284 |   2 | 1042.5 |
   Elven Halls |   2387 |   2291 |     96 |    316 |   1533 |   3 |  795.7 |
         Abyss |    294 |    294 |      0 |     35 |    111 |   1 |  294.0 |
         Sewer |    225 |    225 |      0 |      0 |     74 |   1 |  225.0 |
       Ossuary |    330 |    330 |      0 |    180 |      0 |   1 |  330.0 |
        Bailey |   2021 |   2021 |      0 |   1410 |     68 |   1 | 2021.0 |
      Ice Cave |    623 |    623 |      0 |     31 |    340 |   1 |  623.0 |
               +--------+--------+--------+--------+--------+-----+--------+

Top non-repeatable levels by time:
  Bailey: 2021 daAuts
Spider:4: 1900 daAuts
   Orc:2: 1624 daAuts
    D:10: 1305 daAuts
     D:9: 1294 daAuts
    D:14: 1271 daAuts
   Elf:1: 1242 daAuts
     D:8: 1239 daAuts
   Elf:2: 1139 daAuts
  Lair:3: 1066 daAuts
Spider:2: 1065 daAuts
  Lair:5: 999 daAuts
     D:7: 946 daAuts
  Lair:4: 916 daAuts
Spider:1: 857 daAuts
